 Dungeon Crawl Stone Soup version 0.30.1-9-gdf580d7c3d (webtiles) character file.

Game seed: 6390625316048597504

20 AppTheSpectato the Firebug (level 2, -1/20 HPs)
             Began as a Hill Orc Fire Elementalist on Oct 19, 2023.
             Slain by a jackal (2 damage)
             ... on level 1 of the Dungeon.
             The game lasted 00:03:55 (890 turns).

AppTheSpectato the Firebug (HOFE)                    Turns: 890, Time: 00:03:56

Health: -1/20      AC:  2    Str: 10    XL:     2   Next: 79%
Magic:  0/4        EV: 12    Int: 15    God:
Gold:   49         SH:  0    Dex: 11    Spells: 3/4 levels left

rFire   . . .        g - +2 mace (drain)
rCold   . . .        (no shield)
rNeg    . . .        a - +0 robe
rPois   .            (no helmet)
rElec   .            (no cloak)
rCorr   .            (no gloves)
SInv    .            (no boots)
Will    .....        (no amulet)
Stlth   ++           (no ring)
HPRegen 0.23/turn    (no ring)
MPRegen 0.09/turn

%: no passive effects
@: mighty, very slightly contaminated
A: no striking features
a: no special abilities


You were on level 1 of the Dungeon.
You visited 1 branch of the dungeon, and saw 1 of its levels.

You collected 49 gold pieces.

Inventory:

Hand Weapons
 g - a +2 mace of draining (weapon)
Armour
 a - a +0 robe (worn)
Scrolls
 c - a scroll of poison {unknown}
 d - a scroll of noise {unknown}
 e - a scroll of identify {unknown}
 i - a scroll of enchant armour {unknown}
 j - a scroll of vulnerability {unknown}
Potions
 b - a potion of magic
 h - 2 potions of attraction {unknown}


   Skills:
 - Level 1.5 Dodging
 - Level 1.5 Stealth
 - Level 1.8 Spellcasting
 - Level 1.1 Conjurations
 + Level 4.1 Fire Magic


You had 3 spell levels left.
You knew the following spells:

 Your Spells              Type           Power      Damage    Failure   Level
a - Foxfire               Conj/Fire      36%        2x1d5     8%          1

Your spell library contained the following spells:

 Spells                   Type           Power      Damage    Failure   Level
 Scorch                   Fire           26%        2d6       6%          2
 Inner Flame              Hex/Fire       7%         N/A       28%         3
 Volatile Blastmotes      Fire/Tloc      14%        2d11      28%         3
 Tukima's Dance           Hex            1%         N/A       56%         3
 Flame Wave               Conj/Fire      9%         2d6       58%         4
 Passage of Golubria      Tloc           1%         N/A       92%         4
 Yara's Violent Unravell  Hex/Tmut       0%         3d3       99%         5


Dungeon Overview and Level Annotations

Branches:
Dungeon (1/15)

Altars:


Message History

You kill the jackal!
The jackal closely misses you. The jackal attacks as you move away!
The jackal bites you. x2
There is an open door here.
The jackal closely misses you.
There's a creature in the doorway!
You hit the jackal but do no damage. You hit the jackal.
The jackal is severely wounded.
The jackal misses you.
You closely miss the jackal. The jackal closely misses you.
The jackal barely misses you. The jackal closely misses you.
The jackal misses you.
You barely miss the jackal.
The jackal is severely wounded.
The jackal bites you. x2
* * * LOW HITPOINT WARNING * * *
The jackal completely misses you. The jackal bites you.
* * * LOW HITPOINT WARNING * * *
You closely miss the jackal.
The jackal is severely wounded.
The jackal barely misses you. The jackal closely misses you.
The jackal barely misses you. The jackal misses you. x2
The jackal bites you but does no damage.
Casting: Foxfire (safe; 8% risk of failure)
Press: ? - help, Q - select action Dir - look around, f - activate You miscast Foxfire.
You are very lightly contaminated with residual magic.
Nothing appears to happen.
The jackal bites you.
* * * LOW HITPOINT WARNING * * *
The jackal barely misses you. The jackal bites you.
* * * LOW HITPOINT WARNING * * *
The jackal bites you.
* * * LOW HITPOINT WARNING * * *
Okay, then.
It was a potion of might.
You feel very mighty all of a sudden. The jackal misses you.
The jackal bites you.
You die...

#.........>....#######
####.......#####
#.......# ####
#.......# #⌠⌠#
#.......# #..#
#.......# #...
#.......# #...
######h####.# #..#
#....h@h..#.#
♣♣####..#
#.###...#.#.#
♣.#..'... #.#
#...#.#.##♣.#<.'...
#.#
#...#.#..#♣.#..'...
#.#
##....#..#♣♣####..#
###.#########..# #..#
#............).###
#...
##############...###
#... ###...###'##


You could see 3 jackals.

Vanquished Creatures
  2 goblins (D:1)
  2 hobgoblins (D:1)
  3 jackals (D:1)
  2 kobolds (D:1)
  5 ball pythons (D:1)
  2 bats (D:1)
  2 rats (D:1)
18 creatures vanquished.

Vanquished Creatures (others)
  36 foxfires (D:1)
36 creatures vanquished.

Grand Total: 54 creatures vanquished

Notes
Turn   | Place    | Note
-------+----------+-------------------------------------------
     0 | D:1      | AppTheSpectato the Hill Orc Fire Elementalist began the
                  | quest for the Orb.
     0 | D:1      | Reached XP level 1. HP: 14/14 MP: 3/3
   267 | D:1      | Reached XP level 2. HP: 18/20 MP: 1/4
   553 | D:1      | Reached skill level 4 in Fire Magic
   889 | D:1      | HP: 1/20 [jackal (2)]
   890 | D:1      | Slain by a jackal

Illustrated notes

Levels and vault maps discovered:
D:1:      beargit_arrival_diablo_church, layout_basic

Skill      XL: |  1  2 |
---------------+-------+-----
Fire Magic     | 4 |  4.1
Dodging        | |  1.5
Stealth        | |  1.5
Spellcasting   | |  1.8
Conjurations   | |  1.1

Action                     || total
---------------------------++-------
  Melee: Mace              ||    13
   Cast: Foxfire           ||    25
    Use: Potion            ||     1
 Armour: Robe              ||     8
  Dodge: Dodged            ||    52
